 Dungeon Crawl Stone Soup version 0.29.1-15-g9cfb28693d (webtiles) character file.

Game seed: 18378599470579790815

931 javelincjr the Magician (level 7, 0/51 HPs)
             Began as a Demonspawn Hedge Wizard on Mar 27, 2023.
             Slain by a centaur
             ... wielding a +0 mace
              (2 damage)
             ... on level 5 of the Dungeon.
             The game lasted 00:36:18 (6911 turns).

javelincjr the Magician (Demonspawn Hedge Wizard)   Turns: 6911, Time: 00:36:18

Health: 0/51       AC:  2    Str: 11    XL:     7   Next: 86%
Magic:  2/13       EV: 12    Int: 17    God:
Gold:   203        SH:  0    Dex: 12    Spells: 8/14 levels left

rFire   . . .      SeeInvis +   a - +0 dagger
rCold   . . .      Faith    .   x - orb {*channel}
rNeg    . . .      Spirit   .   b - +0 robe
rPois   .          Reflect  .   c - +0 hat
rElec   .          Harm     .   (no cloak)
rCorr   .          Rampage  .   (no gloves)
Will    .....                   (no boots)
Stlth   ++........              n - amulet of regeneration
HPRegen 0.97/turn               f - ring of wizardry
MPRegen 0.13/turn               g - ring of see invisible

@: mighty
A: hooves 2, demonic guardian 1, powered by pain 2
a: no special abilities


You were on level 5 of the Dungeon.
You visited 1 branch of the dungeon, and saw 5 of its levels.

You collected 203 gold pieces.

Inventory:

Hand Weapons
 a - a +0 dagger (weapon)
 C - a +1 vampiric spear
Missiles
 o - 3 curare-tipped darts
Armour
 b - a +0 robe (worn)
 c - a +0 hat (worn)
 r - a +0 scale mail
 s - a +0 ring mail
 x - an orb of energy (worn)
Jewellery
 f - a ring of wizardry (left hand)
 g - a ring of see invisible (right hand)
 n - an amulet of regeneration (around neck)
 t - a ring of flight
Scrolls
 h - a scroll of identify {unknown}
 l - 3 scrolls of teleportation {unknown}
 p - 2 scrolls of poison {unknown}
 v - a scroll of amnesia {unknown}
 y - a scroll of summoning {unknown}
 z - a scroll of enchant armour {unknown}
 A - a scroll of noise {unknown}
Potions
 d - a potion of magic
 e - a potion of cancellation {unknown}
 i - 2 potions of lignification {unknown}
 j - 2 potions of flight {unknown}
 k - a potion of berserk rage {unknown}
 m - 2 potions of attraction {unknown}
 q - 4 potions of curing
 u - a potion of brilliance {unknown}
 w - 2 potions of haste {unknown}
 B - a potion of might {unknown}


   Skills:
 + Level 2.8 Fighting
 + Level 2.7 Armour
 + Level 3.2 Dodging
 - Level 2.8 Stealth
 + Level 4.0 Spellcasting
 + Level 3.2 Conjurations
 + Level 3.1 Summonings
 + Level 2.9 Translocations
 + Level 1.9 Evocations


You had 8 spell levels left.
You knew the following spells:

 Your Spells              Type           Power      Damage    Failure   Level
a - Magic Dart            Conj           56%        1d5       1%          1
b - Blink                 Tloc           26%        N/A       2%          2
c - Stone Arrow           Conj/Erth      16%        3d8       10%         3

Your spell library contained the following spells:

 Spells                   Type           Power      Damage    Failure   Level
 Call Imp                 Summ           14%        N/A       2%          2
 Necrotise                Necr           12%        1d4       6%          1
 Slow                     Hex            12%        N/A       6%          1
 Conjure Flame            Conj/Fire      8%         6-21      10%         3
 Mephitic Cloud           Conj/Pois/Air  7%         N/A       12%         3
 Vampiric Draining        Necr           3%         2d6       19%         3
 Animate Armour           Summ/Erth      16%        N/A       32%         4
 Agony                    Necr           3%         N/A       83%         5
 Lehudib's Crystal Spear  Conj/Erth      4%         10d3      100%        8


Dungeon Overview and Level Annotations

Branches:
Dungeon (5/15)
 Temple: D:4-7

Altars:
Sif Muna

Annotations:
D:5 1 transporter, BuddhaDhamma's ghost, amateur MiBe


Innate Abilities, Weirdness & Mutations

You have hoof-like feet.
A weak demonic guardian rushes to your aid.
You sometimes gain power by taking damage.


Message History

You are too injured to fight recklessly!
Casting: Stone Arrow (dangerous; 10% risk of failure)
Confirm with . or Enter, or press ? or * to list all spells.
You blink.
The centaur shoots an arrow.
The arrow barely misses you.
The centaur unwields a +0 shortbow.
The centaur wields a +0 mace.
The centaur hits you with a +0 mace!
* * * LOW HITPOINT WARNING * * *
You focus on the pain.
You feel mightier all of a sudden. The centaur barely misses you.
The gnoll misses you.
You puncture the centaur!
The centaur is almost dead.
The centaur hits you with a +0 mace!
* * * LOW HITPOINT WARNING * * *
A demonic guardian appears!
The centaur kicks you.
* * * LOW HITPOINT WARNING * * *
The centaur closely misses you. The centaur completely misses you.
The gnoll hits you but does no damage.
You feel better. The centaur closely misses you. The centaur kicks you.
* * * LOW HITPOINT WARNING * * *
Your quasit bites the gnoll.
Your quasit barely misses the gnoll.
Your quasit claws the gnoll.
The gnoll barely misses you. The centaur attacks as you move away!
The centaur hits you with a +0 mace.
* * * LOW HITPOINT WARNING * * *
The centaur kicks you.
* * * LOW HITPOINT WARNING * * *
The gnoll attacks as you move away! The gnoll closely misses you.
You feel stable enough to blink again.
Your quasit misses the gnoll.
Your quasit closely misses the gnoll.
Your quasit claws the gnoll but does no damage.
The centaur completely misses you. The centaur barely misses you.
You hit the centaur.
The centaur is almost dead.
The centaur hits you with a +0 mace!
* * * LOW HITPOINT WARNING * * *
The centaur closely misses you.
You hit the centaur but do no damage.
The centaur is almost dead.
The centaur misses you. The centaur kicks you.
You die...

.............##...)..##
.............#........#
................<.....#
..........##..#......##
............###.[.^.##
............##...######
[...........[.##....).##
############..###5###..#
##..@cg..##.#
######..##.# ##.(..#
#(8..# #....#
...........#
g.........## ≈≈≈≈≈≈#...#
....gg#.8.#


You could see a centaur, a gnoll (ally target) and a friendly quasit (summoned).

Vanquished Creatures
  An ogre (D:5)
  A phantom (D:4)
  2 gnoll sergeants (D:5)
  2 necrophages (D:4)
  A scorpion (D:4)
  4 hounds
  3 iguanas
  An orc wizard (D:4)
  4 gnolls (D:5)
  6 adders
  7 orcs
  3 bats
  3 endoplasms
  5 goblins
  8 hobgoblins
  10 jackals
  A quokka (D:2)
  10 ball pythons
  8 kobolds
  6 rats
86 creatures vanquished.

Vanquished Creatures (collateral kills)
  A phantom (D:4)
1 creature vanquished.

Grand Total: 87 creatures vanquished

Notes
Turn   | Place    | Note
-------+----------+-------------------------------------------
     0 | D:1      | javelincjr the Demonspawn Hedge Wizard began the quest for
                  | the Orb.
     0 | D:1      | Reached XP level 1. HP: 13/13 MP: 4/4
   456 | D:1      | Reached skill level 1 in Translocations
   661 | D:1      | Gained mutation: You sometimes gain a little power by
                  | taking damage. [demonic ancestry]
   661 | D:1      | Reached XP level 2. HP: 18/19 MP: 1/6
  1603 | D:2      | Found a faded altar of an unknown god.
  2471 | D:2      | Gained mutation: You sometimes gain power by taking damage.
                  | [demonic ancestry]
  2471 | D:2      | Reached XP level 3. HP: 25/25 MP: 1/7
  2504 | D:2      | Learned a level 2 spell: Blink
  2782 | D:2      | Reached skill level 1 in Fighting
  3519 | D:3      | Reached skill level 1 in Armour
  3770 | D:3      | Gained mutation: You have large cloven feet. [demonic
                  | ancestry]
  3770 | D:3      | Reached XP level 4. HP: 32/32 MP: 5/8
  3873 | D:3      | Found a faded altar of an unknown god.
  3878 | D:3      | Found a shimmering blue altar of Sif Muna.
  4177 | D:4      | Learned a level 3 spell: Stone Arrow
  4178 | D:4      | Noticed a scorpion
  4200 | D:4      | Killed a scorpion
  4275 | D:4      | Noticed a phantom
  4411 | D:4      | Gained mutation: A weak demonic guardian rushes to your
                  | aid. [demonic ancestry]
  4411 | D:4      | Reached XP level 5. HP: 37/37 MP: 2/10
  4791 | D:4      | Killed a phantom
  4792 | D:4      | Gained mutation: You have hoof-like feet. [demonic
                  | ancestry]
  4792 | D:4      | Reached XP level 6. HP: 8/44 MP: 5/11
  5502 | D:4      | Reached skill level 1 in Evocations
  5876 | D:5      | Entered Level 5 of the Dungeon
  5876 | D:5      | Found a transporter.
  5894 | D:4      | Reached XP level 7. HP: 41/50 MP: 1/12
  5980 | D:5      | Noticed BuddhaDhamma's ghost (amateur MiBe)
  6439 | D:5      | Reached skill level 4 in Spellcasting
  6910 | D:5      | HP: 1/51 [centaur/+0 mace (8)]
  6911 | D:5      | Slain by a centaur

Illustrated notes

Levels and vault maps discovered:
D:1:      psy_arrival_radial02, layout_basic, item_on_display_b
D:2:      layout_basic, shapermc_ecumenical_altar_pompeii
D:3:      layout_basic, nicolae_overflow_ecumenical_swirl
D:4:      layout_gridville, minmay_bent
D:5:      layout_cave_pools, gammafunk_ghost_stat_death, serial_gnoll_camp,
          gnoll_camp_mini_sergeant, gnoll_camp_medium_01, grums_kennel,
          gnoll_camp_mini_basic, gnoll_camp_mini_hut, gnoll_camp_huts_basic

Skill      XL: |  1  2  3  4  5  6  7 |
---------------+----------------------+-----
Translocations | 1 2 |  2.9
Stealth        | 2 |  2.8
Dodging        | 2 3 |  3.2
Fighting       | 1 2 |  2.8
Armour         | 1 2 |  2.7
Conjurations   | 2 3 |  3.2
Summonings     | 2 3 |  3.1
Evocations     | 1 |  1.9
Spellcasting   | 4 |  4.0

Action                   |  1- 3 |  4- 6 |  7- 9 || total
-------------------------+-------+-------+-------++-------
Melee: Dagger            |    51 |    59 |    40 ||   150
       Kick              |       |    19 |     6 ||    25
 Cast: Magic Dart        |   106 |    72 |     4 ||   182
       Stone Arrow       |       |    15 |    35 ||    50
       Blink             |       |     3 |     2 ||     5
  Use: Potion            |       |     2 |     2 ||     4
Armor: Robe              |    13 |     7 |     5 ||    25
Dodge: Dodged            |    44 |    34 |    45 ||   123
